AoeStats
← FloSnake27

Black Forest

510142789Analyzed
2v2 RM · 4d ago on Sep 29, 2026· 40m 49s· 4 players
Game mode
Random Map
Map size
Medium (4 player)
Population
200
Speed
Normal
Resources
Standard
Victory
Conquest
Starting age
Dark Age
Ending age
Imperial Age
RankedLock teamsTeams togetherTeam positionsShared explorationLock speedFull tech treeHidden civsTurbo modeCheats
Victory
Defeat
🇨🇱 Vikings · Chile
782
+14
🇫🇷 Teutons · France
781
+14
🇺🇸 Slavs · United States
759
-14
🇹🇷 Franks · Türkiye
728
-14
tstien40
1:08 Loom
13:39 Feudal Age
14:27 Horse Collar
21:16 Castle Age
19:39 Double-Bit Axe
23:08 Bloodlines
24:25 Heavy Plow
31:13 Detinets
34:28 Imperial Age
32:53 Husbandry
33:18 Gold Mining
36:29 Conscription
36:11 Heavy Scorpion
38:01 Elite Skirmisher
39:24 Fletching
39:35 Padded Archer Armor
oguayd
0:56 Loom
13:26 Feudal Age
14:43 Wheelbarrow
13:54 Town Watch
15:52 Double-Bit Axe
18:17 Gold Mining
23:55 Castle Age
23:30 Stone Mining
25:15 Caravan
25:46 Coinage
27:42 Bow Saw
28:14 Gold Shaft Mining
35:32 Imperial Age
34:19 Hand Cart
34:50 Pikeman
35:30 Squires
35:16 Arson
35:35 Halberdier
38:47 Town Patrol
39:47 Banking
FloSnake27
1:40 Loom
13:34 Feudal Age
14:03 Double-Bit Axe
14:53 Arson
17:52 Fishing Lines
18:49 Horse Collar
22:05 Wheelbarrow
21:16 Town Watch
21:35 Gold Mining
21:37 Stone Mining
22:35 Scale Mail Armor
26:08 Castle Age
24:50 Forging
24:36 Man-at-Arms
27:04 Bow Saw
26:55 Heavy Plow
27:39 Iron Casting
27:28 Gillnets
27:48 Squires
27:35 Gambesons
28:01 Long Swordsman
30:19 Bloodlines
31:35 Chain Mail Armor
31:44 Caravan
32:51 Scale Barding Armor
34:02 Hand Cart
35:42 Town Patrol
38:57 Imperial Age
37:24 Ironclad
39:44 Stone Shaft Mining
39:29 Fortified Wall
39:11 Heated Shot
39:42 Ballistics
39:35 Masonry
40:34 Chain Barding Armor
41:20 Plate Mail Armor
41:51 Blast Furnace
41:54 Chemistry
41:00 Siege Engineers
Memobunke
0:34 Loom
11:47 Feudal Age
12:13 Double-Bit Axe
13:18 Horse Collar
19:48 Castle Age
18:20 Stone Mining
18:39 Fishing Lines
19:05 Gold Mining
20:39 Bow Saw
21:54 Fletching
22:17 Gillnets
24:53 Heavy Plow
27:45 Squires
27:31 Arson
28:12 Forging
28:03 Scale Mail Armor
29:48 Gold Shaft Mining
30:47 Caravan
31:25 Iron Casting
33:16 Chieftains
33:46 Chain Mail Armor
33:27 Bodkin Arrow
37:37 Imperial Age
36:13 Crossbowman
37:10 Padded Archer Armor
37:44 Arbalester
38:58 Murder Holes
39:44 Bracer
40:45 Blast Furnace
40:16 Plate Mail Armor
40:35 Elite Berserk
41:40 Conscription
Connection lost

Rejoining the realm…

Still unreachable

The connection could not be restored.

Session expired

The server has moved on; the page needs a fresh start.